 Dungeon Crawl Stone Soup version 0.18-a0-1764-gf4ddf0b (webtiles) character file.

2296 pragmatic the Blocker (level 9, -6/81 HPs)
             Began as a Minotaur Fighter on Apr 13, 2016.
             Was a Believer of Nemelex Xobeh.
             Mangled by an orc warrior
             ... wielding a +0 halberd
              (14 damage)
             ... on level 7 of the Dungeon.
             The game lasted 00:53:02 (7536 turns).

pragmatic the Blocker (Minotaur Fighter)            Turns: 7536, Time: 00:53:02

Health: -6/81      AC: 12    Str: 24    XL:     9   Next: 17%
Magic:  8/8        EV:  7    Int:  5    God:    Nemelex Xobeh [**....]
Gold:   329        SH: 11    Dex: 10    Spells: 0 memorised, 8 levels left

rFire  + . .     SeeInvis .     t - +0 rapier
rCold  . . .     Gourm    .     x - +2 chain mail {rF+}
rNeg   + . .     Faith    .     c - +0 shield
rPois  .         Spirit   .     (helmet restricted)
rElec  .         Dismiss  .     (no cloak)
rCorr  .         Reflect  .     (no gloves)
SustAt .         Harm     .     (no boots)
MR     .....                    (no amulet)
Stlth  ..........               (no ring)
                                l - ring of positive energy

@: not resistant to hostile enchantments, extremely unstealthy
A: retaliatory headbutt, horns 2
a: Renounce Religion


You were on level 7 of the Dungeon.
You worshipped Nemelex Xobeh.
Nemelex Xobeh was pleased with you.
You were hungry.

You visited 1 branch of the dungeon, and saw 7 of its levels.

You collected 329 gold pieces.

Inventory:

Hand Weapons
 a - a +0 long sword
 t - a +0 rapier (weapon)
 z - a +0 falchion
Armour
 c - a +0 shield (worn)
 x - a +2 chain mail of fire resistance (worn)
 G - a cursed -1 scale mail
Jewellery
 g - an uncursed ring of protection from cold
 l - a ring of positive energy (left hand)
 D - an uncursed ring of protection from cold
 J - an uncursed ring of protection from cold
Wands
 y - a wand of slowing (0/48)
 C - a wand of flame (35/48)
 M - a wand of acid (3/15)
Scrolls
 b - 2 scrolls of amnesia
 e - a scroll of random uselessness
 h - 2 scrolls of enchant armour
 k - 2 scrolls of remove curse
 p - 5 scrolls of identify
 u - 5 scrolls of teleportation
 I - a scroll of fog {unknown}
Potions
 d - 2 potions of might
 i - a potion of cancellation {unknown}
 m - a potion of agility {unknown}
 o - a potion of invisibility {unknown}
 s - a potion of cure mutation {unknown}
 v - 4 potions of magic {unknown}
 B - 2 potions of berserk rage
 E - a potion of heal wounds {unknown}
 F - 4 potions of curing
Miscellaneous
 q - a plain deck of summoning
 r - a plain deck of escape {drawn: 1}
 w - a fan of gales (inert)
 A - a plain deck of war {drawn: 2}
 K - a plain deck of escape
Comestibles
 f - 6 bread rations
 j - a beef jerky
 n - 2 meat rations
 H - 26 fruits
 L - a slice of pizza
 N - 2 chunks of flesh


   Skills:
 + Level 8.2 Fighting
 + Level 7.2 Long Blades
 + Level 8.2 Armour
 + Level 8.6 Shields


You had 8 spell levels left.
You didn't know any spells.

Dungeon Overview and Level Annotations

Branches:
Dungeon (7/15)
 Temple: D:4-7

Altars:
Cheibriados
Dithmenos
Elyvilon
Nemelex Xobeh
Okawaru
Trog
Yredelemnul


Innate Abilities, Weirdness & Mutations

You reflexively headbutt those who attack you in melee.
You have a pair of horns on your head.


Message History

Your ice devil dies!
The orc priest looks braver for a moment.
Your hell hound misses the orc priest.
The orc priest casts a cantrip, but nothing happens.
The orc warrior barely misses you.
You hit the orc priest.
The orc priest is moderately wounded.
Your hell hound bites the orc priest.
Your hell hound barely misses the orc priest.
The orc priest hits your hell hound with a flail.
You hit the orc priest.
The orc priest is severely wounded.
The orc warrior hits you from afar with a halberd!
* * * LOW HITPOINT WARNING * * *
Your hell hound bites the orc priest.
The orc priest dies!
Your hell hound barks happily!
The orc warrior hits you from afar with a halberd!
You die...
Your body disappears without a glow.

#.....# ###.#.## ###
#....##### # #..
##.#.....## ..###..####
#........## ..........#
#..)......# .#........####
#.........#
..........)).####.........#
..........##oh@...........#
..........######...>......#
.....[....# ###.......##
o.######### #.........# o
#.........# #.........#
#.........# #.........#
##.......##


You could see an orc warrior and a friendly hell hound.

Vanquished Creatures
  Menkaure (D:4)
  Duvessa (D:3)
  2 ice beasts (D:6)
  An ogre (D:3)
  2 centaurs (D:6)
  Dowan (D:3)
  A crimson imp (D:6)
  A giant frog zombie (D:6)
  A centaur zombie (D:7)
  A giant frog skeleton (D:6)
  4 orc wizards
  2 orc priests (D:4)
  2 hounds (D:4)
  A gnoll shaman (D:3)
  Ijyb (D:3)
  Natasha (D:2)
  4 worker ants
  51 gnolls
  15 adders
  A shadow imp (D:6)
  An ooze (D:6)
  3 worms
  6 giant geckos
  26 orcs
  2 bats
  6 giant cockroaches
  13 hobgoblins
  20 jackals
  9 kobolds
  2 quokkas
  4 ball pythons
  5 giant newts
  9 goblins
  A quokka zombie (D:5)
  3 rats (D:2)
204 creatures vanquished.

Vanquished Creatures (collateral kills)
  2 orc warriors
  An ogre (D:7)
  An orc wizard (D:6)
  3 orc priests
  2 orcs (D:7)
9 creatures vanquished.

Vanquished Creatures (others)
  A plant (D:3)
1 creature vanquished.

Grand Total: 214 creatures vanquished

Notes
Turn   | Place    | Note
--------------------------------------------------------------
     0 | D:1      | pragmatic the Minotaur Fighter began the quest for the Orb.
     0 | D:1      | Reached XP level 1. HP: 19/19 MP: 0/0
   443 | D:1      | Reached XP level 2. HP: 27/27 MP: 1/1
   477 | D:1      | Found a snail-covered altar of Cheibriados.
   736 | D:2      | Noticed Natasha
   742 | D:2      | Noticed a crimson imp
   743 | D:2      | Killed Natasha
   743 | D:2      | Reached XP level 3. HP: 28/33 MP: 2/2
   865 | D:2      | Reached XP level 4. HP: 36/40 MP: 3/3
  1753 | D:3      | Reached XP level 5. HP: 38/47 MP: 4/4
  1765 | D:3      | Reached skill level 5 in Shields
  1813 | D:3      | Noticed Ijyb
  1820 | D:3      | Killed Ijyb
  1820 | D:3      | Reached skill level 5 in Fighting
  1820 | D:3      | Reached skill level 5 in Armour
  2114 | D:3      | Found a sparkling altar of Nemelex Xobeh.
  2151 | D:3      | Became a worshipper of Nemelex Xobeh the Trickster
  2255 | D:3      | Reached XP level 6. HP: 56/56 MP: 5/5
  2373 | D:4      | Noticed Menkaure
  2376 | D:5      | Entered Level 5 of the Dungeon
  2593 | D:4      | Killed Menkaure
  2593 | D:4      | Reached XP level 7. HP: 62/62 MP: 6/6
  2665 | D:3      | Received a gift from Nemelex Xobeh
  2800 | D:3      | Reached skill level 5 in Long Blades
  3790 | D:4      | Noticed Duvessa
  3790 | D:4      | Noticed Dowan
  3803 | D:4      | Reached XP level 8. HP: 47/71 MP: 7/7
  4145 | D:3      | Killed Duvessa
  4176 | D:3      | Killed Dowan
  4521 | D:4      | Received a gift from Nemelex Xobeh
  5011 | D:5      | Found a shadowy altar of Dithmenos.
  5071 | D:5      | Found a white marble altar of Elyvilon.
  5120 | D:5      | Reached * piety under Nemelex Xobeh
  5215 | D:5      | Found a basalt altar of Yredelemnul.
  6859 | D:6      | Reached XP level 9. HP: 74/81 MP: 8/8
  7036 | D:6      | Received a gift from Nemelex Xobeh
  7101 | D:6      | Found an iron altar of Okawaru.
  7101 | D:6      | Found a bloodstained altar of Trog.
  7352 | D:6      | Reached ** piety under Nemelex Xobeh
  7536 | D:7      | Mangled by an orc warrior

Vault maps used:
D:1:      dpeg_arrival_ternary, cheibriados_altar_1
D:2:      moated_statue, hangedman_abyss_or_decor_lesser_grid, uniq_natasha
D:3:      lemuel_castle_with_subvaults, nemelex_deck, first_bread, uniq_iyjb
D:4:      serial_glass, glass_columns_c, glass_columns_a, glass_columns_c,
          glass_columns_b, uniq_menkaure, uniq_duvessa
D:5:      corexii_shantytown, kennysheep_ying_yang,
          nicolae_dithmenos_through_a_glass_darkly
D:6:      grunt_temple_overflow_bloody_war, dk_vineyard_2, minivault_24,
          minivault_5
D:7:      minmay_temple_entry_fiery, serial_shops, shop,
          nicolae_shop_statue_plus, grunt_livestock, hangedman_decor_points

Skill      XL: |  1  2  3  4  5  6  7  8  9 |
---------------+----------------------------+-----
Armour         | 4 5 6 7 8 |  8.2
Shields        | 4 5 6 8 |  8.6
Fighting       | 4 5 6 7 8 |  8.2
Long Blades    | 3 4 5 7 |  7.2

Action                   |  1- 3 |  4- 6 |  7- 9 || total
-------------------------+-------+-------+-------++-------
Melee: Long sword        |    30 |   203 |   214 ||   447
       Headbutt          |     2 |    34 |   108 ||   144
       Rapier            |       |       |   273 ||   273
Evoke: Fan of gales      |       |       |     1 ||     1
       Hammer            |       |       |     3 ||     3
  Use: Scroll            |     6 |       |     5 ||    11
       Potion            |     2 |     1 |       ||     3
  Eat: Chunk             |       |     6 |    11 ||    17
       Meat ration       |       |       |     1 ||     1
Armor: Scale mail        |    10 |       |       ||    10
       Chain mail        |     5 |   118 |   205 ||   328
Dodge: Dodged            |    12 |    63 |   112 ||   187
Block: Shield            |    15 |   134 |   307 ||   456
